 Dungeon Crawl Stone Soup version 0.27-a0-1555-g0e7b3fb1d2 (webtiles) character file.

Game seed: 4541429930243376865

1043 Lemonice the Agent of Entropy (level 8, -3/62 HPs)
             Began as a Formicid Abyssal Knight on July 15, 2021.
             Was a Priest of Lugonu.
             Slain by an ogre (17 damage)
             ... on level 5 of the Dungeon.
             The game lasted 00:11:37 (6862 turns).

Lemonice the Agent of Entropy (FoAK)                Turns: 6862, Time: 00:11:37

Health: -3/62      AC:  7    Str: 18    XL:     8   Next: 49%
Magic:  21/21      EV:  9    Int: 13    God:    Lugonu [***...]
Gold:   382        SH:  4    Dex: 10    Spells: 7/7 levels left

rFire    . . .     SeeInvis +   a - +1 hand axe
rCold    . . .     Faith    .   v - +0 buckler
rNeg     + . .     Spirit   .   d - +0 scale mail
rPois    .         Reflect  .   (helmet unavailable)
rElec    .         Harm     .   (no cloak)
rCorr    .         Rampage  .   (no gloves)
Will     .....                  (no boots)
Stlth    ..........             (no amulet)
HPRegen  0.20/turn              m - ring of magical power
MPRegen  0.17/turn              s - ring of positive energy

@: no status effects
A: permanent stasis, dig shafts and tunnels, antennae 3, four strong arms
a: Dig, Shaft Self, Renounce Religion, Depart the Abyss, Bend Space, Banish


You were on level 5 of the Dungeon.
You worshipped Lugonu.
Lugonu was most pleased with you.
You visited 1 branch of the dungeon, and saw 5 of its levels.
You visited the Abyss 1 time.

You collected 382 gold pieces.

Inventory:

Hand Weapons
 a - a +1 hand axe (weapon)
 f - a +0 war axe
Missiles
 h - 2 throwing nets
 x - 7 boomerangs of dispersal
Armour
 b - a +0 leather armour
 d - a +0 scale mail (worn)
 v - a +0 buckler (worn)
Jewellery
 m - a ring of magical power (left hand)
 s - a ring of positive energy (right hand)
 u - a ring of flight
 w - the ring of Qisuniog {rElec Int+6 SInv}
   (You found it on level 4 of the Dungeon)

   [ring of intelligence]

   Int:       It affects your intelligence (+6).
   rElec:     It insulates you from electricity.
   SInv:      It lets you see invisible.
Wands
 q - a wand of mindburst (14)
Scrolls
 c - 2 scrolls of noise {unknown}
 e - 2 scrolls of enchant armour {unknown}
 i - 2 scrolls of summoning {unknown}
 j - a scroll of teleportation {unknown}
 k - a scroll of blinking {unknown}
 n - a scroll of silence {unknown}
 p - a scroll of acquirement {unknown}
 r - 2 scrolls of vulnerability {unknown}
 y - a scroll of fog {unknown}
 A - a scroll of identify {unknown}
 C - a scroll of amnesia {unknown}
Potions
 g - 2 potions of curing {unknown}
 l - a potion of ambrosia {unknown}
 o - 2 potions of heal wounds {unknown}
 t - a potion of lignification
 z - a potion of brilliance {unknown}
 B - a potion of degeneration {unknown}


   Skills:
 - Level 5.1 Fighting
 + Level 5.7 Axes
 - Level 4.2 Armour
 - Level 1.1 Dodging
 * Level 3.6 Shields
 * Level 5.8 Invocations


You had 7 spell levels left.
You didn't know any spells.
Your spell library contained the following spells:

 Spells                   Type           Power      Damage    Failure   Level
 Gell's Gravitas          Tloc           0%         N/A       95%         3
 Lesser Beckoning         Tloc           0%         N/A       95%         3
 Teleport Other           Tloc           0%         N/A       95%         3


Dungeon Overview and Level Annotations

Branches:
Dungeon (5/15)
 Temple: D:4-7

Altars:

Annotations:
Abyss:1 Menkaure


Innate Abilities, Weirdness & Mutations

You cannot be hasted, slowed, berserked, paralysed or teleported.
You can dig through walls and to a lower floor.
You have a pair of large antennae on your head. (SInv)
Your four strong arms can wield two-handed weapons with a shield.


Message History

Items here: )) [ †.
Okay, then.
An ogre comes into view. It is wielding a +0 giant club.
There is a stone staircase leading down here.
You see here a +0 short sword.
You see here a +0 short sword.
There is a stone staircase leading down here.
You sense a monster nearby.
The ogre shouts!
You hit the ogre.
The ogre is lightly wounded.
The ogre hits you with a +0 giant club!!
Okay, then.
You slash the ogre!
The ogre is heavily wounded.
You completely miss the ogre.
The ogre is heavily wounded.
The ogre hits you with a +0 giant club!
You hit the ogre but do no damage.
The ogre is heavily wounded.
The ogre hits you with a +0 giant club.
You hit the ogre but do no damage.
The ogre is heavily wounded.
The ogre closely misses you.
You completely miss the ogre.
The ogre is heavily wounded.
The ogre closely misses you.
You hit the ogre.
The ogre is heavily wounded.
You closely miss the ogre.
The ogre is heavily wounded.
The ogre hits you with a +0 giant club!
* * * LOW HITPOINT WARNING * * *
You hit the ogre but do no damage.
The ogre is heavily wounded.
The ogre barely misses you.
You completely miss the ogre.
The ogre is heavily wounded.
The ogre hits you with a +0 giant club!
You die...

.# ##O## #.##...# .# #...#
#.##.#.. .#### #...#
#######.##.#.# ....# #...#
#............# ###.# #...#
#)#####.#(#.## ###.##### #...#
#># #...#... ##......# #...# #.#
#.#####. #.#.###.#####..O####.###
#...#... .###.#..........@......#
#.#.#.#. ## ##.............#....#
#..<....
)###.#.................###.#####.
#.#.###.####....#.######)..# #.
#.......# #....#.# #.### ##
#...##### #....#.# #.#
#...########....#.# #.########
##.#..............# #.##......
#.#.#####..#...#.# #.##.)....


You could see an ogre.

Vanquished Creatures
  An ice beast (D:5)
  A black bear (D:5)
  A necrophage (D:4)
  A phantom (D:3)
  A scorpion (D:4)
  A wyvern skeleton (D:3)
  A water moccasin skeleton (D:4)
  A centaur zombie (D:5)
  A hound (D:5)
  An orc priest (D:5)
  A centaur skeleton (D:5)
  An iguana (D:3)
  An orc wizard (D:5)
  6 gnolls
  5 adders
  A shadow imp (D:4)
  6 dart slugs
  3 worms
  6 orcs
  5 ball pythons
  7 endoplasms
  8 giant cockroaches
  11 goblins
  8 hobgoblins
  4 jackals (D:1)
  4 quokkas
  6 bats
  5 frilled lizards
  6 kobolds
  7 rats
111 creatures vanquished.

Notes
Turn   | Place    | Note
-------+----------+-------------------------------------------
     0 | Abyss:1  | Lemonice the Formicid Abyssal Knight began the quest for
                  | the Orb.
     0 | Abyss:1  | Reached XP level 1. HP: 18/18 MP: 2/2
    26 | Abyss:1  | Noticed a tentacled starspawn
    30 | Abyss:1  | Noticed a glowing orange brain
    31 | D:1      | Escaped the Abyss
    90 | D:1      | Reached skill level 1 in Dodging
   139 | D:1      | Reached XP level 2. HP: 23/24 MP: 3/3
   463 | D:1      | Reached * piety under Lugonu
   467 | D:1      | Reached XP level 3. HP: 28/30 MP: 4/4
   743 | D:1      | Found a faded altar of an unknown god.
  1279 | D:2      | Reached ** piety under Lugonu
  1280 | D:2      | Reached XP level 4. HP: 35/37 MP: 5/5
  2158 | D:3      | Reached XP level 5. HP: 35/42 MP: 6/6
  2648 | D:3      | Noticed a phantom
  2793 | D:3      | Reached XP level 6. HP: 11/49 MP: 7/7
  3822 | D:4      | Reached *** piety under Lugonu
  4162 | D:4      | Noticed Menkaure
  4505 | D:4      | Reached XP level 7. HP: 10/55 MP: 9/9
  4890 | D:4      | Reached skill level 5 in Fighting
  4890 | D:4      | Reached skill level 5 in Axes
  5306 | D:4      | Banished Menkaure
  5307 | D:4      | Reached skill level 1 in Shields
  5485 | D:4      | Identified the ring of Qisuniog {rElec Int+6 SInv}
  5653 | D:5      | Entered Level 5 of the Dungeon
  5750 | D:5      | Reached XP level 8. HP: 53/62 MP: 11/11
  5956 | D:5      | Reached skill level 5 in Invocations
  6862 | D:5      | Slain by an ogre

Illustrated notes

Levels and vault maps discovered:
D:1:      dpeg_arrival_fog, layout_rooms, shapermc_ecumenical_altar_acropolis
D:2:      layout_rooms, grunt_ministairs_5, minmay_misc_feat_iff,
          minmay_misc_feat_cross
D:3:      layout_rooms
D:4:      layout_loops_cross, serial_bayou_pond_b, hex_large,
          hangedman_abyss_or_decor_stagger, kennysheep_another_room,
          nrook_campfire, uniq_menkaure
D:5:      layout_loops_cross

Skill      XL: |  1  2  3  4  5  6  7  8 |
---------------+-------------------------+-----
Dodging        | 1 |  1.1
Axes           | 3 4 5 |  5.7
Fighting       | 4 5 |  5.1
Armour         | 3 4 |  4.2
Invocations    | 3 4 5 |  5.8
Shields        | 1 3 |  3.6

Action                   |  1- 3 |  4- 6 |  7- 9 || total
-------------------------+-------+-------+-------++-------
Melee: Hand axe          |    91 |   200 |   162 ||   453
Invok: Depart the Abyss  |     1 |       |       ||     1
       Banish            |       |     1 |     1 ||     2
  Use: Potion            |       |     1 |       ||     1
Armor: Leather armour    |    16 |       |       ||    16
       Scale mail        |    16 |    85 |    74 ||   175
       Skin              |       |     2 |       ||     2
Dodge: Dodged            |    63 |    98 |    78 ||   239
Block: Buckler           |       |       |     8 ||     8

Table legend: (Time is in decaauts)
 A = Elapsed time spent in this place.
 B = Non-inter-level travel time spent in this place.
 C = Inter-level travel time spent in this place.
 D = Time resting spent in this place.
 E = Time spent auto-exploring this place.
 F = Levels seen in this place.
 G = Mean time per level.
                   A        B        C        D        E       F      G
               +--------+--------+--------+--------+--------+-----+--------+
         Total |   6913 |   6765 |    148 |      0 |   5248 |   6 | 1152.2 |
       Dungeon |   6882 |   6734 |    148 |      0 |   5248 |   5 | 1376.4 |
         Abyss |     31 |     31 |      0 |      0 |      0 |   1 |   31.0 |
               +--------+--------+--------+--------+--------+-----+--------+

Top non-repeatable levels by time:
     D:3: 1798 daAuts
     D:4: 1590 daAuts
     D:5: 1211 daAuts
     D:1: 1154 daAuts
     D:2: 1127 daAuts
 Abyss:1: 31 daAuts
